 Dungeon Crawl Stone Soup version 0.20.0-1-g1cb1d84 (webtiles) character file.

65 inmateoo the Insei (level 4, -4/49 HPs)
             Began as a Human Wanderer on May 27, 2017.
             Slain by an ogre
             ... wielding a +0 giant club
              (13 damage)
             ... on level 5 of the Dungeon.
             The game lasted 00:02:17 (1795 turns).

inmateoo the Insei (Human Wanderer)                 Turns: 1795, Time: 00:02:18

Health: -4/49      AC: 22    Str: 10 (12) XL:     4   Next: 35%
Magic:  4/4        EV:  2    Int: 13 (15) God:
Gold:   95         SH:  7    Dex: 15 (16) Spells: 3/3 levels left

rFire    . . .     SeeInvis .     - Unarmed
rCold    . . .     Gourm    .   a - +0 shield
rNeg     + + +     Faith    .   (armour currently unavailable)
rPois    +         Spirit   .   (helmet currently unavailable)
rElec    .         Reflect  .   (cloak currently unavailable)
rCorr    .         Harm     .   (gloves currently unavailable)
MR       .....     NoTele   +   (boots currently unavailable)
Stlth    ++........             (no amulet)
Regen    0.2/turn               (no ring)
MPRegen  0.1/turn               (no ring)

@: brilliant, tree-form
A: no striking features
a: no special abilities


You were on level 5 of the Dungeon.
You were not hungry.
You were a tree.
You visited 1 branch of the dungeon, and saw 5 of its levels.

You collected 120 gold pieces.
You spent 25 gold pieces at shops.

Inventory:

Hand Weapons
 b - a +0 falchion
 e - a +0 dagger
Armour
 a - a +0 shield (worn)
 g - a +0 ring mail (melded)
Jewellery
 d - a +2 ring of evasion {unknown}
Scrolls
 h - 2 scrolls of teleportation {unknown}
Potions
 c - a potion of curing
 i - 3 potions of agility {unknown}
Comestibles
 f - 2 bread rations


   Skills:
 - Level 2.0 Fighting
 - Level 1.0 Long Blades
 - Level 2.0 Dodging
 - Level 3.0 Stealth
 - Level 1.0 Shields
 + Level 3.6 Unarmed Combat
   Level 1.0 Evocations


You had 3 spell levels left.
You didn't know any spells.

Dungeon Overview and Level Annotations

Branches:
Dungeon (5/15)
 Temple: D:4-7

Altars:
Dithmenos
Kikubaaqudgha

Shops:
D:5 *

Annotations:
D:3 1 transporter, coolio's ghost, amateur DsFi


Message History

The ogre closely misses you.
It was a potion of degeneration.
There was something very wrong with that liquid.
You feel weakened.
You feel dopey.
You feel clumsy.
It was a potion of lignification.
You turn into a tree.
Your +0 ring mail melds into your body.
Your roots penetrate the ground.
You block the ogre's attack.
Wield which item (- for none, * to show all)? (? for menu, Esc to quit)
You are now empty-handed.
You smack the ogre!
The ogre is moderately wounded.
The ogre hits you with a giant club!
* * * LOW HITPOINT WARNING * * *
You barely miss the ogre.
The ogre is moderately wounded.
You block the ogre's attack.
You smack the ogre!
The ogre is severely wounded.
The ogre hits you with a giant club!
You die...

#>..............
###.............
#.##..##.#####
#........#
###........#
#......[...#####
..................
...........O..####
............♣.#
#######.......#
#########


You could see an ogre.

Vanquished Creatures
  A worker ant (D:4)
  An orc (D:4)
  4 bats
  3 giant cockroaches (D:1)
  2 goblins (D:1)
  7 hobgoblins
  6 jackals (D:1)
  A quokka (D:1)
  A frilled lizard (D:1)
  3 kobolds
  8 rats
37 creatures vanquished.

Notes
Turn   | Place    | Note
-------+----------+-------------------------------------------
     0 | D:1      | inmateoo the Human Wanderer began the quest for the Orb.
     0 | D:1      | inmateoo set off with: a +0 shield, a +0 falchion, a potion of curing, a +0 robe, a +0 dagger, a bread ration
     0 | D:1      | Reached XP level 1. HP: 16/16 MP: 1/1
   330 | D:1      | Reached skill level 1 in Unarmed Combat
   344 | D:1      | Reached XP level 2. HP: 10/22 MP: 2/2
   669 | D:1      | Reached XP level 3. HP: 26/27 MP: 3/3
  1253 | D:3      | Found a shadowy altar of Dithmenos.
  1462 | D:3      | Found a faded altar of an unknown god.
  1488 | D:3      | Noticed coolio's ghost (amateur DsFi)
  1523 | D:3      | Noticed a meliai
  1523 | D:3      | Noticed a red ugly thing
  1525 | D:3      | Found an ancient bone altar of Kikubaaqudgha.
  1666 | D:4      | Reached XP level 4. HP: 22/33 MP: 4/4
  1772 | D:4      | Noticed an ogre
  1776 | D:5      | Entered Level 5 of the Dungeon
  1776 | D:5      | Noticed an ogre
  1781 | D:5      | Found Jawoy's Assorted Antiques.
  1788 | D:5      | Bought a smoky red potion for 25 gold pieces
  1795 | D:5      | Slain by an ogre

Skill      XL: |  1  2  3 |
---------------+----------+-----
Unarmed Combat | 1 2 3 |  3.6
Fighting       | |  2.0
Long Blades    | |  1.0
Dodging        | |  2.0
Stealth        | |  3.0
Shields        | |  1.0
Evocations     | |  1.0

Action                   |  1- 3 |  4- 6 || total
-------------------------+-------+-------++-------
Melee: Falchion          |   141 |     1 ||   142
       Unarmed           |       |     3 ||     3
  Use: Potion            |       |     4 ||     4
 Stab: Sleeping          |     4 |       ||     4
  Eat: Chunk             |     1 |     2 ||     3
Armor: Ring mail         |    78 |     1 ||    79
Dodge: Dodged            |    58 |     3 ||    61
Block: Shield            |    79 |     2 ||    81
       Rpst.: Falchion   |    22 |       ||    22
